 Dungeon Crawl Stone Soup version 0.21.0-3-g78d12a8 (webtiles) character file.

36581 HungrySpirit the Gouger (level 13, -13/61 HPs)
             Began as a Felid Transmuter on Jan 12, 2018.
             Killed from afar by a rakshasa (33 damage)
             ... with an orb of energy
             ... on level 1 of the Depths.
             The game lasted 02:45:50 (40940 turns).

HungrySpirit the Gouger (Felid Transmuter)         Turns: 40940, Time: 02:45:51

Health: -13/61     AC:  5    Str:  7    XL:     13   Next: 53%
Magic:  26/26      EV: 31    Int: 17    God:
Gold:   266        SH:  0    Dex: 20    Spells: 1/28 levels left
                                        Lives:  0   Deaths: 3

rFire    + . .     SeeInvis +     - Unarmed
rCold    + . .     Gourm    .   (shield unavailable)
rNeg     . . .     Faith    .   (armour unavailable)
rPois    +         Spirit   .   (helmet unavailable)
rElec    .         Reflect  .   (cloak unavailable)
rCorr    .         Harm     .   (gloves unavailable)
MR       ++...                  (boots unavailable)
Stlth    +++++.....             R - amulet of regeneration
HPRegen  0.60/turn              y - ring of poison resistance
MPRegen  0.20/turn              I - ring of protection from fire

@: quick
A: very small, no armour, no weapons or thrown items, stealth, claws 1, fangs 3,
icy blue scales 1, see invisible, carnivore, speed 1, magic resistance 1, shaggy
fur 3, slow metabolism 1, sharp paws
a: no special abilities


You were on level 1 of the Depths.
You were not hungry.

You visited 6 branches of the dungeon, and saw 26 of its levels.
You visited 1 bazaar.
You also visited: Labyrinth.

You collected 2262 gold pieces.
You spent 1996 gold pieces at shops.

Inventory:

Missiles
 a - 118 arrows
Jewellery
 y - a ring of poison resistance (left paw)
 C - an uncursed amulet of guardian spirit
 E - an uncursed ring of stealth
 I - a ring of protection from fire (right paw)
 R - an amulet of regeneration (around neck)
 W - an uncursed ring of wizardry
Wands
 t - a wand of acid (1)
 x - a wand of clouds (3)
 D - a wand of digging (22)
 H - a wand of enslavement (4)
 M - a wand of flame (16)
 P - a wand of polymorph (36)
 Z - a wand of iceblast (15)
Scrolls
 e - 6 scrolls of fog
 j - 3 scrolls of fear
 m - 8 scrolls of remove curse
 n - a scroll of enchant weapon
 o - 3 scrolls of enchant armour
 p - a scroll of teleportation
 r - a scroll of immolation
 u - 4 scrolls of magic mapping
 G - 4 scrolls of torment
 N - a scroll of amnesia
 S - 3 scrolls of identify
Potions
 b - a potion of invisibility
 d - 3 potions of might
 f - 4 potions of brilliance
 g - 3 potions of mutation
 h - 3 potions of flight
 k - 2 potions of ambrosia
 l - 2 potions of berserk rage
 q - 8 potions of haste
 v - 2 potions of heal wounds
 w - a potion of agility
 B - 8 potions of curing
 J - 2 potions of resistance
 K - 2 potions of magic
 Q - 2 potions of cancellation
Books
 s - a book of Conjurations

   Spells                             Type                      Level
   a - Magic Dart                     Conjuration                  1
   b - Searing Ray                    Conjuration                  2
   c - Dazzling Spray                 Conjuration/Hexes            3
   d - Fulminant Prism                Conjuration/Hexes            4
   e - Force Lance                    Conjuration/Translocation    4
   f - Iskenderun's Mystic Blast      Conjuration                  4
 z - a book of Enchantments

   Spells                             Type                      Level
   a - Cause Fear                     Hexes                        4
   b - Yara's Violent Unravelling     Hexes/Transmutation          5
   c - Silence                        Hexes/Air                    5
   d - Deflect Missiles               Charms/Air                   6
   e - Discord                        Hexes                        8
 F - Roxanne's Tome of Transformation
   (You took it off Roxanne on level 15 of the Dungeon)

   Spells                             Type                      Level
   a - Ignite Poison                  Fire/Transmutation/Poison    3
   b - Yara's Violent Unravelling     Hexes/Transmutation          5
   c - Alistair's Intoxication        Transmutation/Poison         5
   d - Statue Form                    Transmutation/Earth          6
 T - a book of Party Tricks

   Spells                             Type                      Level
   a - Summon Butterflies             Summoning                    1
   b - Apportation                    Translocation                1
   c - Lesser Beckoning               Translocation                3
   d - Tukima's Dance                 Hexes                        3
   e - Alistair's Intoxication        Transmutation/Poison         5
   f - Invisibility                   Hexes                        6
 U - a Young Poisoner's Handbook

   Spells                             Type                      Level
   a - Sting                          Conjuration/Poison           1
   b - Poisonous Vapours              Poison/Air                   2
   c - Mephitic Cloud                 Conjuration/Poison/Air       3
   d - Olgreb's Toxic Radiance        Poison                       4
   e - Venom Bolt                     Conjuration/Poison           5
 V - a book of Clouds

   Spells                             Type                      Level
   a - Poisonous Vapours              Poison/Air                   2
   b - Mephitic Cloud                 Conjuration/Poison/Air       3
   c - Conjure Flame                  Conjuration/Fire             3
   d - Freezing Cloud                 Conjuration/Ice/Air          6
   e - Ring of Flames                 Charms/Fire                  7
Miscellaneous
 L - a lamp of fire (inert)
 O - a lightning rod (2/4)
 Y - a box of beasts
Comestibles
 c - 43 rations


   Skills:
 - Level 10.0 Fighting
 - Level 13.6 Dodging
 - Level 10.0 Stealth
 - Level 14.1 Unarmed Combat
 - Level 8.0 Spellcasting
 - Level 8.0 Hexes
 - Level 7.7 Charms
 + Level 12.3 Transmutations
   Level 4.0 Ice Magic
 * Level 3.3 Earth Magic
 - Level 2.7 Poison Magic
 - Level 6.7 Evocations


You had one spell level left.
You knew the following spells:

 Your Spells              Type           Power        Failure   Level  Hunger
a - Statue Form           Tmut/Erth      ####.....    54%         6    ######.
b - Sticks to Snakes      Tmut           #####...     1%          2    None
c - Spider Form           Tmut/Pois      ####......   1%          3    #......
e - Swiftness             Chrm/Air       ###.....     3%          2    None
f - Blade Hands           Tmut           #####.....   1%          5    #####..
g - Tukima's Dance        Hex            ####....     1%          3    #......
h - Alistair's Intoxicat  Tmut/Pois      ####....     13%         5    #####..
i - Apportation           Tloc           #.....       11%         1    None


Dungeon Overview and Level Annotations

Branches:
Dungeon (15/15)            Temple (1/1) D:6            Lair (6/6) D:11
  Swamp (1/4) Lair:2        Snake (0/4) Lair:3        Slime (0/5) Lair:6
    Orc (2/2) D:9             Elf (0/3) Orc:2        Vaults (0/5) D:14
 Depths (1/5) D:15

Altars:
Ashenzari
Cheibriados
Dithmenos
Elyvilon
Fedhas
Gozag
Hepliaklqana
Kikubaaqudgha
Makhleb
Nemelex Xobeh
Okawaru
Qazlal
Ru
Sif Muna
Trog
Uskayaw
Vehumet
Wu Jian
Xom
Yredelemnul
Zin
The Shining One
Beogh

Shops:
D:6 =   D:7 !   Orc:2 ![%}

Annotations:
D:4 2 transporters
D:9 2 transporters
D:13 1 transporter
D:15 Rupert
Lair:1 exclusion: oklob plant
Lair:6 exclusion: oklob plant


Innate Abilities, Weirdness & Mutations

You cannot wear armour.
You are incapable of wielding weapons or throwing items.
Your paws allow you to move quietly. (Stealth)
You have sharp claws.
You have razor-sharp teeth.
You have supernaturally acute eyesight. (SInv)
You are carnivorous and can eat meat at any time.
You cover ground quickly.
Your thick and shaggy fur keeps you warm. (AC +3, rC+)
You have a slow metabolism.
Your sharp claws are effective at attacking unaware monsters.
You are partially covered in icy blue scales. (AC +2)
You are resistant to hostile enchantments. (MR+)


Message History

Your juvenile oxbat beast tramples the rakshasa but does no damage.
The tengu reaver points at you and mumbles some strange words.
The blast of poison misses you.
Your juvenile oxbat beast closely misses the rakshasa.
Your juvenile oxbat beast tramples the rakshasa but does no damage.
The rakshasa weaves an illusion.
The rakshasa gestures at you. The orb of energy misses you.
Your juvenile oxbat beast closely misses the rakshasa.
Your juvenile oxbat beast tramples the rakshasa but does no damage.
Your juvenile oxbat beast hits the rakshasa.
Your juvenile oxbat beast barely misses the rakshasa.
Things that are here:
a plate armour; a broad axe of flaming Your juvenile oxbat beast hits the rakshasa.
Your juvenile oxbat beast tramples the rakshasa but does no damage.
The rakshasa gestures at you. The orb of energy hits you!
Ouch! That really hurt!
You die...

............J##
............#.##
............##.##
............###.##
............#
##.##
####........#
##.## #........#
##)# #.....Q..#
##.## #......§.#
##@##
#......§.###[##
#......§§##§##
#.....§§§#§##
#......§§§##
#......RR##
#>.....H§#
#........#
#........#


You could see 2 rakshasas and a friendly juvenile oxbat beast.

Vanquished Creatures
  Kirke (D:15)
  Roxanne (D:15)
  Nessos (Lair:5)
  An ettin (D:15)
  A minotaur (Lab)
  10 hydras
  Erolcha (D:11)
  A vault guard (D:14)
  A catoblepas (Lair:6)
  A centaur warrior (D:13)
  3 two-headed ogres
  A death knight (D:14)
  An ogre mage (D:15)
  2 tengu warriors
  6 death yaks (Lair:6)
  3 hell knights
  A spriggan (Swamp:1)
  Sonja (D:11)
  2 unseen horrors
  A skeletal warrior (D:14)
  A wizard (D:13)
  An orc knight (Orc:1)
  5 orc sorcerers
  2 deep elf magi (D:13)
  12 ugly things
  2 manticores
  4 cyclopes
  Maurice (D:8)
  5 black mambas
  11 elephants (Lair:6)
  Joseph (D:8)
  A centaur zombie (D:13)
  A torpor snail (Lair:6)
  2 gargoyles
  9 spiny frogs
  A rime drake (Lair:4)
  A freezing wraith (D:14)
  2 komodo dragons
  3 tengu conjurers (D:13)
  4 hornets
  A polar bear (Lair:6)
  6 trolls
  8 slime creatures
  8 hippogriffs
  A centaur simulacrum (D:15)
  2 wraiths
  A shadow (D:13)
  3 wyverns
  A yak (shapeshifter) (D:15)
  2 water elementals (D:15)
  2 basilisks
  45 yaks
  Eustachio (D:5)
  4 humans (D:15)
  2 steam dragons (D:6)
  3 fire elementals
  2 hogs (D:15)
  11 wargs
  4 insubstantial wisps (Lair:2)
  2 soldier ants (D:11)
  A hell hound (Orc:1)
  9 water moccasins
  24 orc warriors
  2 phantoms
  7 porcupines
  A hornet zombie (D:12)
  2 ice beasts
  2 sky beasts (D:10)
  2 black bears
  2 eyes of draining
  A necrophage (D:5)
  23 wolves
  12 centaurs
  8 ogres
  9 boggarts (D:13)
  12 crocodiles
  13 bullfrogs
  5 scorpions
  A wyvern skeleton (D:7)
  15 killer bees
  4 wights (D:12)
  An electric eel (Lair:3)
  3 crimson imps
  2 bullfrog zombies
  3 centaur skeletons
  5 hounds
  21 orc priests
  2 quasits
  52 orc wizards
  3 gnoll shamans
  5 jellies
  5 bullfrog skeletons
  7 worker ants
  2 iguanas
  A killer bee zombie (D:6)
  A hound zombie (D:5)
  A howler monkey zombie (D:6)
  51 gnolls
  A howler monkey skeleton (D:11)
  2 worker ant zombies
  11 adders
  2 shadow imps
  3 oozes
  5 worms
  2 dart slugs
  5 leopard geckos
  107 orcs
  6 bats
  8 giant cockroaches
  6 goblins
  6 hobgoblins
  24 jackals
  A quokka (D:10)
  2 ball pythons
  3 frilled lizards (D:2)
  2 goblin zombies (D:4)
  A jackal skeleton (D:4)
  5 kobolds
  A kobold zombie (D:4)
  9 rats
  3 plants
753 creatures vanquished.

Vanquished Creatures (collateral kills)
  An orc warlord (Orc:2)
  Azrael (Orc:2)
  Snorg (Lair:5)
  A two-headed ogre (D:9)
  A centaur warrior (D:15)
  A deep troll shaman (Lair:6)
  Urug (D:12)
  An orc sorcerer (Orc:2)
  A manticore (D:11)
  An oklob plant (D:11)
  2 black mambas
  A komodo dragon (Lair:1)
  A hippogriff (D:11)
  2 yaks (Lair:3)
  A basilisk (Lair:5)
  Edmund (D:4)
  A naga (Lair:3)
  A hell hound (Orc:1)
  2 orc warriors
  A porcupine (Lair:2)
  An ogre (Orc:1)
  5 wolves
  A quasit (D:12)
  3 orc wizards
  A gnoll (D:4)
  11 orcs
  A jackal (D:11)
46 creatures vanquished.

Vanquished Creatures (others)
  An orc sorcerer (Orc:2)
  A black mamba (Lair:3)
  2 dancing weapons (Orc:2)
  A human (D:4)
  A wolf (Lair:4)
  A warg (Orc:2)
  A scorpion (D:4)
  5 orcs (Orc:2)
  9 fungi
  62 plants
84 creatures vanquished.

Grand Total: 883 creatures vanquished

Notes
Turn   | Place    | Note
-------+----------+-------------------------------------------
     0 | D:1      | HungrySpirit the Felid Transmuter began the quest for the Orb.
     0 | D:1      | Reached XP level 1. HP: 9/9 MP: 4/4
   220 | D:1      | Reached XP level 2. HP: 11/12 MP: 4/6
  1313 | D:2      | Reached XP level 3. HP: 15/15 MP: 7/7
  1373 | D:2      | Found a sacrificial altar of Ru.
  1407 | D:2      | Reached XP level 4. HP: 3/19 MP: 6/8
  1675 | D:1      | Learned a level 2 spell: Sticks to Snakes
  1679 | D:1      | Learned a level 3 spell: Spider Form
  1722 | D:2      | Reached skill level 1 in Stealth
  1730 | D:2      | Found a faded altar of an unknown god.
  2217 | D:2      | Found a blossoming altar of Fedhas.
  2233 | D:2      | Reached skill level 4 in Unarmed Combat
  2455 | D:3      | Found a shattered altar of Ashenzari.
  3226 | D:3      | Reached XP level 5. HP: 18/22 MP: 7/9
  3577 | D:4      | Found a runed door.
  3577 | D:4      | Noticed a human
  3580 | D:4      | Found a basalt altar of Yredelemnul.
  3662 | D:4      | Killed a human
  3670 | D:4      | Found a transporter.
  3673 | D:4      | Noticed a two-headed ogre
  3675 | D:4      | Found a hazy altar of Hepliaklqana.
  3953 | D:4      | Found a transporter.
  4315 | D:4      | Found a basalt altar of Yredelemnul.
  4427 | D:4      | Noticed Edmund
  4441 | D:4      | HP: 1/22 [Edmund/dire flail of holy wrath (14)]
  4446 | D:4      | Killed Edmund
  4446 | D:4      | Gained mutation: You are covered in thick fur. (AC +2) [Felid growth]
  4446 | D:4      | Reached XP level 6. HP: 2/27 MP: 0/11
  4866 | D:5      | Entered Level 5 of the Dungeon
  5424 | D:5      | Reached skill level 5 in Unarmed Combat
  5429 | D:5      | Gained mutation: You are resistant to hostile enchantments. (MR+) [potion of mutation]
  5429 | D:5      | Gained mutation: You are partially covered in icy blue scales. (AC +2) [potion of mutation]
  5704 | D:5      | Reached XP level 7. HP: 30/30 MP: 12/12
  5865 | D:5      | Noticed Eustachio
  5878 | D:5      | Killed Eustachio
  6246 | D:5      | Reached skill level 5 in Dodging
  7400 | D:5      | Reached XP level 8. HP: 27/34 MP: 12/14
  7505 | D:5      | Reached skill level 1 in Poison Magic
  7705 | D:5      | Reached skill level 6 in Unarmed Combat
  8696 | D:5      | Reached skill level 5 in Stealth
  9243 | D:6      | Reached skill level 5 in Transmutations
  9525 | D:6      | Reached skill level 7 in Unarmed Combat
  9525 | D:6      | Reached XP level 9. HP: 39/39 MP: 11/16
  9601 | D:6      | Found a shattered altar of Ashenzari.
  9675 | D:6      | Found Atady's Jewellery Shoppe.
  9683 | D:6      | Bought an uncursed ring of poison resistance for 220 gold pieces
  9731 | D:6      | Found a staircase to the Ecumenical Temple.
  9971 | Temple   | Entered the Ecumenical Temple
 10473 | D:7      | Learned a level 4 spell: Ice Form
 10496 | D:7      | Found Nufreo's Distillery.
 10523 | D:7      | Bought a potion of heal wounds for 65 gold pieces
 10523 | D:7      | Bought a potion of might for 52 gold pieces
 10909 | D:7      | Reached skill level 1 in Ice Magic
 11121 | D:8      | Noticed Joseph
 11171 | D:8      | Found a radiant altar of Vehumet.
 11332 | D:8      | Found a hazy altar of Hepliaklqana.
 11356 | D:8      | Found an opulent altar of Gozag.
 11361 | D:8      | Reached skill level 5 in Spellcasting
 11467 | D:8      | Reached skill level 5 in Fighting
 11922 | D:8      | Noticed Maurice
 11941 | D:8      | Killed Maurice
 11941 | D:8      | Reached skill level 8 in Unarmed Combat
 12176 | D:8      | Killed Joseph
 12492 | D:8      | Reached XP level 10. HP: 44/44 MP: 19/19
 12626 | D:9      | Found a staircase to the Orcish Mines.
 12647 | D:9      | Found a transporter.
 12665 | D:9      | Found a transporter.
 13451 | D:9      | Noticed a two-headed ogre
 13576 | D:9      | Killed a two-headed ogre
 14185 | D:9      | Reached skill level 9 in Unarmed Combat
 14189 | D:9      | Found a shattered altar of Ashenzari.
 14601 | D:10     | Entered Level 10 of the Dungeon
 15650 | D:11     | Noticed Erolcha
 15670 | D:11     | Killed from afar by Erolcha
 15671 | D:11     | Reached XP level 9. HP: -5/41 MP: 8/18
 15671 | D:11     | Found a staircase to the Lair.
 15671 | D:11     | Noticed an oklob plant
 15715 | D:11     | Noticed a manticore
 15785 | D:11     | Killed a manticore
 16064 | D:11     | Reached XP level 10. HP: 27/46 MP: 18/20
 16431 | D:11     | Noticed a manticore
 16581 | D:11     | Killed a manticore
 16595 | D:11     | Learned a level 2 spell: Swiftness
 16841 | D:11     | Noticed a brown ugly thing
 17259 | D:11     | Killed an oklob plant
 17297 | Lair:1   | Entered Level 1 of the Lair of Beasts
 17328 | Lair:1   | Reached XP level 11. HP: 49/49 MP: 21/21
 17377 | Lair:1   | Learned a level 5 spell: Blade Hands
 17635 | Lair:1   | Noticed an eight-headed hydra
 17726 | Lair:1   | Noticed an oklob plant
 18079 | Lair:2   | Reached skill level 10 in Unarmed Combat
 18144 | Lair:2   | Found a staircase to the Swamp.
 18650 | Lair:2   | Reached skill level 10 in Dodging
 18737 | Lair:2   | Found the +0 Maxwell's etheric cage {RegenMP+ *Contam rElec MP+4}
 20793 | Lair:3   | Gained mutation: Your thick and shaggy fur keeps you warm. (AC +3, rC+) [Felid growth]
 20793 | Lair:3   | Reached XP level 12. HP: 55/55 MP: 18/22
 20959 | Lair:3   | Found a staircase to the Snake Pit.
 21199 | Lair:4   | Got a brightly glowing crystal amulet
 21213 | Lair:4   | Noticed a seven-headed hydra
 21231 | Lair:3   | Identified the amulet "Wopapp" {Gourm Dex+3} (You found it on level 4 of the Lair of Beasts)
 21547 | Lair:4   | Noticed a five-headed hydra
 21650 | Lair:4   | Reached skill level 1 in Evocations
 21780 | Lair:4   | Noticed a seven-headed hydra
 21953 | Lair:4   | Found a snail-covered altar of Cheibriados.
 21999 | Lair:4   | Killed a five-headed hydra
 22034 | Lair:4   | Killed a seven-headed hydra
 22096 | Lair:4   | Killed a seven-headed hydra
 22096 | Lair:4   | Reached skill level 11 in Unarmed Combat
 22396 | Lair:5   | Noticed Nessos
 22414 | Lair:5   | Found a labyrinth entrance.
 22418 | Lair:5   | Noticed Snorg
 22420 | Lair:5   | Noticed an eight-headed hydra
 22462 | Lair:5   | Killed Nessos
 22693 | Lair:5   | Killed an eight-headed hydra
 22701 | Lab      | Entered a labyrinth
 23880 | Lab      | Noticed a minotaur
 23915 | Lab      | Killed a minotaur
 23939 | Lab      | Learned a level 3 spell: Tukima's Dance
 24127 | Lair:5   | Reached skill level 1 in Charms
 24166 | Lair:5   | Killed Snorg
 24351 | Lair:5   | Reached skill level 1 in Hexes
 24846 | Lair:6   | Entered Level 6 of the Lair of Beasts
 25060 | Lair:6   | Noticed an eight-headed hydra
 25531 | Lair:6   | Found a radiant altar of Vehumet.
 25585 | Lair:6   | Reached XP level 13. HP: 53/58 MP: 17/23
 25614 | Lair:6   | Found a staircase to the Slime Pits.
 26432 | Lair:6   | Reached skill level 12 in Unarmed Combat
 26777 | Lair:6   | Reached skill level 5 in Evocations
 26855 | Lair:6   | Reached skill level 5 in Hexes
 27355 | Lair:6   | Reached skill level 5 in Charms
 27459 | Lair:6   | Reached skill level 10 in Stealth
 28674 | D:11     | Noticed Sonja
 28735 | D:11     | Killed Sonja
 28739 | D:11     | Killed Erolcha
 29418 | D:12     | Noticed Urug
 29458 | D:12     | Killed Urug
 29914 | Orc:1    | Entered Level 1 of the Orcish Mines
 29966 | D:9      | Reached XP level 14. HP: 32/63 MP: 25/25
 30530 | Orc:2    | Entered Level 2 of the Orcish Mines
 30746 | Orc:2    | Noticed Azrael
 30861 | Orc:2    | Killed Azrael
 30929 | Orc:2    | Noticed an orc warlord
 30954 | Orc:2    | Killed an orc warlord
 31156 | Orc:2    | Found a staircase to the Elven Halls.
 31702 | Orc:1    | Found a roughly hewn altar of Beogh.
 32839 | Orc:2    | Found Jiuddif's Food Emporium.
 32839 | Orc:2    | Found Pomihis's Gadget Shop.
 33389 | Orc:2    | Found Deit's Distillery.
 33389 | Orc:2    | Found Ablom Eto's Antique Armour Shop.
 33545 | Orc:2    | Bought a potion of heal wounds for 90 gold pieces
 33545 | Orc:2    | Bought a potion of curing for 54 gold pieces
 33545 | Orc:2    | Bought a potion of haste for 180 gold pieces
 33545 | Orc:2    | Bought a potion of curing for 54 gold pieces
 33545 | Orc:2    | Bought a potion of magic for 144 gold pieces
 33545 | Orc:2    | Bought a potion of haste for 180 gold pieces
 33545 | Orc:2    | Bought a potion of curing for 54 gold pieces
 33545 | Orc:2    | Bought a potion of haste for 180 gold pieces
 33545 | Orc:2    | Bought a potion of agility for 72 gold pieces
 33623 | Orc:2    | Found a roughly hewn altar of Beogh.
 33859 | D:7      | Bought a potion of curing for 39 gold pieces
 33859 | D:7      | Bought a potion of invisibility for 104 gold pieces
 33859 | D:7      | Bought 2 potions of resistance for 260 gold pieces
 33859 | D:7      | Bought a potion of curing for 39 gold pieces
 33859 | D:7      | Bought a potion of curing for 39 gold pieces
 33865 | D:7      | Learned a level 5 spell: Alistair's Intoxication
 34079 | D:13     | Reached skill level 13 in Unarmed Combat
 34213 | D:13     | Found a transporter.
 34215 | D:13     | Found a radiant altar of Vehumet.
 34749 | D:13     | Found a transporter.
 34826 | D:13     | Noticed a sphinx
 34842 | D:13     | Learned a level 1 spell: Apportation
 35080 | D:13     | Reached skill level 10 in Fighting
 36011 | D:14     | Found a gate to the Vaults.
 37003 | D:14     | Found a snail-covered altar of Cheibriados.
 37470 | D:15     | Entered Level 15 of the Dungeon
 37495 | D:15     | Found a flickering gateway to a bazaar.
 37519 | Bazaar   | Entered a bazaar
 37524 | Bazaar   | Found Welaisul's Armour Boutique.
 37527 | Bazaar   | Found Eruengy's Antique Weapon Shoppe.
 37539 | Bazaar   | Found Joopexui's Antique Weapon Emporium.
 37545 | Bazaar   | Found Ireur's Distillery.
 37553 | Bazaar   | Bought a potion of heal wounds for 85 gold pieces
 37553 | Bazaar   | Bought a potion of heal wounds for 85 gold pieces
 37710 | D:15     | Reached XP level 15. HP: 50/69 MP: 22/28
 37763 | D:15     | Noticed Kirke
 37786 | D:15     | Killed Kirke
 38145 | D:15     | Noticed Rupert
 38459 | D:15     | Found a staircase to the Depths.
 38498 | D:15     | Reached skill level 14 in Unarmed Combat
 38779 | D:15     | Noticed Roxanne
 39138 | D:15     | Killed from afar by Roxanne
 39139 | D:15     | Reached XP level 14. HP: -15/99 MP: 18/27
 39226 | D:15     | Killed Roxanne
 39227 | D:15     | Identified Roxanne's Tome of Transformation (You took it off Roxanne on level 15 of the Dungeon)
 39354 | D:15     | Learned a level 6 spell: Statue Form
 39598 | D:14     | Reached skill level 1 in Earth Magic
 40202 | Swamp:1  | Entered Level 1 of the Swamp
 40597 | Depths:1 | Entered Level 1 of the Depths
 40599 | Depths:1 | Noticed a lich
 40602 | Depths:1 | Killed from afar by a lich
 40603 | Depths:1 | Reached XP level 13. HP: -12/61 MP: 26/26
 40935 | Depths:1 | Noticed a tengu reaver
 40940 | Depths:1 | Killed from afar by a rakshasa

Skill      XL: |  1  2  3  4  5  6  7  8  9 10 11 12 13 14 15 |
---------------+----------------------------------------------+-----
Dodging        | 3 4 5 6 7 9 10 12 13 | 13.6
Stealth        | 1 2 3 4 5 6 8 10 | 10.0
Unarmed Combat | 4 5 7 8 9 10 11 12 13 14 | 14.1
Fighting       | 2 3 4 5 6 7 8 10 | 10.0
Transmutations | 3 4 5 6 11 12 | 12.3
Spellcasting   | 3 4 6 8 |  8.0
Poison Magic   | 2 |  2.7
Ice Magic      | 2 3 4 |  4.0
Evocations     | 3 5 6 |  6.7
Charms         | 2 5 6 7 |  7.7
Hexes          | 2 6 8 |  8.0
Earth Magic    | 3 2 |  3.3

Action                   |  1- 3 |  4- 6 |  7- 9 | 10-12 | 13-15 || total
-------------------------+-------+-------+-------+-------+-------++-------
Melee: Unarmed           |    82 |   273 |   541 |   630 |  1457 ||  2983
       Headbutt          |     3 |    18 |    25 |    13 |       ||    59
       Bite              |     5 |    21 |    18 |    34 |    69 ||   147
       Punch             |     1 |     3 |     2 |     8 |    35 ||    49
 Cast: Beastly Appendage |     4 |    14 |    19 |    13 |     1 ||    51
       Spider Form       |       |     2 |    37 |    33 |    61 ||   133
       Sticks to Snakes  |       |    10 |    31 |   118 |    90 ||   249
       Ice Form          |       |       |     1 |    13 |    10 ||    24
       Swiftness         |       |       |       |     3 |     3 ||     6
       Blade Hands       |       |       |       |     3 |    41 ||    44
       Tukima's Dance    |       |       |       |       |    12 ||    12
       Apportation       |       |       |       |       |     4 ||     4
 Abil: End Transformatio |       |       |       |     4 |     8 ||    12
Evoke: Wand              |       |       |       |    31 |   113 ||   144
       Box of beasts     |       |       |       |       |     1 ||     1
       Lightning rod     |       |       |       |       |     6 ||     6
       Lamp of fire      |       |       |       |       |     2 ||     2
  Use: Potion            |       |     3 |     3 |     5 |     7 ||    18
       Scroll            |       |       |     6 |    13 |    26 ||    45
 Stab: Sleeping          |     3 |     8 |    17 |    31 |    16 ||    75
       Invisible         |       |     1 |     1 |       |     6 ||     8
       Distracted        |       |       |     4 |     3 |    12 ||    19
       Paralysed         |       |       |       |     7 |       ||     7
  Eat: Chunk             |     8 |    10 |    24 |    31 |    45 ||   118
Armor: Skin              |     2 |    13 |    31 |    25 |    60 ||   131
Dodge: Dodged            |    52 |   226 |   431 |   577 |  1443 ||  2729
